[Event "*** Titled Tuesday 3|2 Blitz (Early)"]
[Site "Chess.com"]
[Date "2016.12.06"]
[Round "4"]
[White "Rumpel-VK"]
[Black "dretch"]
[Result "1/2-1/2"]
[WhiteElo "2465"]
[BlackElo "2604"]
[TimeControl "180+2"]
[EndTime "11:53:10 PST"]
[Termination "Game drawn by repetition"]

1. e4 e6 2. Bb5 Qg5 3. Bf1 c5 4. d4 Qh4 5. Nf3 Qxe4+ 6. Be2 cxd4 7. O-O Nc6 8. Nbd2 Qg6 9. Nc4 Bc5 10. Nce5 Nxe5 11.
Nxe5 Qf6 12. Nd3 d6 13. Nxc5 dxc5 14. Bb5+ Kf8 15. c3 a6 16. Be2 Bd7 17. cxd4 cxd4 18.
Bf3 Bc6 19. Bxc6 bxc6 20. b3 g6 21. Ba3+ Kg7 22. Rc1 Ne7 23. Bxe7 Qxe7 24. Qxd4+ e5 25. Qe4 c5 26. f4 Rhe8 27. Rfe1 Rad8 28. fxe5 Rd2 29.
Qe3 Rd5 30. Qc3 Rxe5 31. Rxe5 Qxe5 32. Qxc5 Qb2 33. Qc3+ Qxc3 34. Rxc3 Re2 35. a4 Rb2 36. Rc6 a5 37. Rc5 Rxb3 38. Rxa5 Ra3 39. Ra7 g5 40. h3 h5 41. a5 Kg6 42. a6 f6 43.
Ra8 Kf5 44. a7 g4 45. hxg4+ hxg4 46. Kf2 Kf4 47. g3+ Kf5 48. Ke2 Ra2+ 49. Ke3 Ra3+ 50. Kd4 Ra4+ 51. Kd3 Ra3+ 52. Kd4 Ra4+ 53. Kc3 Ra1 54.
Kb2 Ra6 55. Kb3 Rb6+ 56. Ka4 Ra6+ 57. Kb5 Ra1 58. Kb6 Rb1+ 59. Kc6 Rc1+ 60. Kd6 Ra1 61. Ke7 Ke4 62. Kxf6 Kf3 63. Ke6 Kxg3 64. Kd6 Rd1+ 65.
Kc6 Rc1+ 66. Kb7 Rb1+ 67. Kc7 Ra1 68. Kb6 Rb1+ 69. Kc5 Rc1+ 70. Kd4 Rc7 71. Ke3 Re7+ 72. Kd4 Rg7 73. Ke5 Rf7 74. Ke6 Rb7 75. Kd6 Rh7 76.
Kc6 Rh6+ 77. Kb5 Rh5+ 78. Kb6 Rh6+ 79. Kc5 Rh5+ 80. Kb4 Rh7 81. Kb5 Kh3 82. Kb6 Rh6+ 83. Ka5 Rh5+ 84. Ka6 Rh6+ 85. Kb5 Rh5+ 86. Kc6 Rh6+ 87.
Kb7 Rh7+ 88. Kb6 Rh6+ 89. Ka5 Rh5+ 90. Kb6 Rh6+ 91. Kb7 Rh7+ 92. Kc6 g3 93. Kb6 Rh6+ 94. Kb7 Rh7+ 95. Kb6 Rh6+ 96. Kb7 Rh7+ 97. Kb6 Rh6+ 98. Kb7 Rh7+ 99. Ka6 Rh6+ 100. Ka5 Rh5+ 101. Kb6 Rh6+ 102. Kb7 Rh7+ 103. Ka6 Rh6+ 104. Kb5 Rh7 105. Kb6 Rh6+ 1/2-1/2

[Event "*** Titled Tuesday 3|2 Blitz (Early)"]
[Site "Chess.com"]
[Date "2016.12.06"]
[Round "5"]
[White "Cecile_Haussernot"]
[Black "ZivkovicN"]
[Result "1-0"]
[WhiteElo "2270"]
[BlackElo "2403"]
[TimeControl "180+2"]
[EndTime "11:55:26 PST"]
[Termination "Cecile_Haussernot won by resignation"]

1. e4 c5 2. Nf3 d6 3. d4 cxd4 4.
Nxd4 Nf6 5. Nc3 a6 6. h3 e6 7. g4 b5 8. Bg2 Bb7 9. O-O Nfd7 10. Be3 Be7 11. f4 O-O 12. f5 Nc6 13. fxe6 fxe6 14.
Nxe6 1-0

[Event "*** Titled Tuesday 3|2 Blitz (Early)"]
[Site "Chess.com"]
[Date "2016.12.06"]
[Round "5"]
[White "DanielNaroditsky"]
[Black "Tesla37"]
[Result "1-0"]
[WhiteElo "2705"]
[BlackElo "2602"]
[TimeControl "180+2"]
[EndTime "11:56:33 PST"]
[Termination "DanielNaroditsky won by resignation"]

1. d4 Nf6 2. Bf4 e6 3. e3 d5 4. Nd2 Bd6 5. Bg3 c5 6. Ngf3 Nc6 7. c3 O-O 8. Bb5 Bxg3 9. hxg3 Bd7 10. Bxc6 Bxc6 11.
Ne5 Nd7 12. Qh5 h6 13. Ndf3 f6 14. Ng4 Qe7 15. Qg6 Rfc8 16. Nxh6+ Kf8 17. Nf5 1-0

[Event "*** Titled Tuesday 3|2 Blitz (Early)"]
[Site "Chess.com"]
[Date "2016.12.06"]
[Round "5"]
[White "dretch"]
[Black "biostatistician"]
[Result "1-0"]
[WhiteElo "2611"]
[BlackElo "2466"]
[TimeControl "180+2"]
[EndTime "11:57:59 PST"]
[Termination "dretch won by checkmate"]

1. d4 Nf6 2. c4 g6 3. Nc3 Bg7 4.
e4 d6 5. Nf3 O-O 6. h3 e5 7.
dxe5 dxe5 8. Qxd8 Rxd8 9. Bg5 c6 10. Nxe5 Re8 11. O-O-O Na6 12. Nf3 h6 13. Be3 Nxe4 14.
Nxe4 Rxe4 15. Rd8+ Kh7 16. h4 f6 17. Bd3 Rg4 18.
h5 f5 19. hxg6+ Kxg6 20. Nh4+ Kf6 21. f3 Rg3 22. Bf4 Rg5 23. Re1 Rh5 24. Bd6 f4 25.
Be7+ Kf7 26. Bg6# 1-0

[Event "*** Titled Tuesday 3|2 Blitz (Early)"]
[Site "Chess.com"]
[Date "2016.12.06"]
[Round "5"]
[White "RaphaeI"]
[Black "bilelou"]
[Result "1-0"]
[WhiteElo "2259"]
[BlackElo "2334"]
[TimeControl "180+2"]
[EndTime "11:58:12 PST"]
[Termination "RaphaeI won by resignation"]

1. Nf3 d5 2. d4 e6 3. c4 c6 4. g3 f5 5. Bg2 Nf6 6. O-O Bd6 7. b3 Qe7 8. Ne5 a5 9. Nd2 O-O 10. Qc2 Nbd7 11. Ndf3 Ne4 12. Bf4 Ndf6 13. Nd3 b6 14. Bxd6 Qxd6 15. e3 Ba6 16. Rfd1 c5 17.
dxc5 Nxc5 18. Nf4 Rac8 19. Qb2 Nce4 20. Nd4 e5 21. Nxf5 Qd7 22. Nxd5 Nxd5 23. Bxe4 1-0

[Event "*** Titled Tuesday 3|2 Blitz (Early)"]
[Site "Chess.com"]
[Date "2016.12.06"]
[Round "5"]
[White "Generalas"]
[Black "FitnessBen"]
[Result "1-0"]
[WhiteElo "2222"]
[BlackElo "2300"]
[TimeControl "180+2"]
[EndTime "11:58:30 PST"]
[Termination "Generalas won on time"]

1. Nf3 f5 2. d3 Nf6 3. e4 d6 4.
Nc3 e5 5. Bg5 Be7 6. exf5 Bxf5 7. Qd2 O-O 8. O-O-O Nc6 9. d4 exd4 10. Nxd4 Nxd4 11.
Qxd4 Qd7 12. Bc4+ Be6 13. Rhe1 Bxc4 14. Qxc4+ Kh8 15. Qe6 Qxe6 16. Rxe6 Rae8 17. Rde1 1-0

[Event "*** Titled Tuesday 3|2 Blitz (Early)"]
[Site "Chess.com"]
[Date "2016.12.06"]
[Round "5"]
[White "JohanSalomon"]
[Black "jup1978"]
[Result "1-0"]
[WhiteElo "2391"]
[BlackElo "2249"]
[TimeControl "180+2"]
[EndTime "11:58:32 PST"]
[Termination "JohanSalomon won by checkmate"]

1. Nf3 d5 2. g3 c6 3. Bg2 Bg4 4. O-O Nd7 5. d3 Ngf6 6. h3 Bxf3 7. Bxf3 e5 8. Bg2 Bd6 9. e3 O-O 10. b3 Qe7 11. a3 Rfe8 12. Bb2 a5 13. Nd2 e4 14.
dxe4 Nxe4 15. Bxe4 dxe4 16. Nxe4 Qxe4 17. Qxd6 Qxc2 18.
Bxg7 Kxg7 19. Qxd7 Qxb3 20. Qg4+ Kf8 21. Rab1 Qxa3 22.
Rxb7 Re7 23. Qd4 Rxb7 24. Qh8+ Ke7 25. Qxa8 Qb4 26. Rd1 Qb6 27. Qh8 Qb3 28. Qd8+ Ke6 29. Rd6+ Ke5 30. Qf6+ Ke4 31. Rd4# 1-0

[Event "*** Titled Tuesday 3|2 Blitz (Early)"]
[Site "Chess.com"]
[Date "2016.12.06"]
[Round "5"]
[White "WanderingPuppet"]
[Black "Quiet_Desperation"]
[Result "1/2-1/2"]
[WhiteElo "2304"]
[BlackElo "2311"]
[TimeControl "180+2"]
[EndTime "11:58:47 PST"]
[Termination "Game drawn by agreement"]

1. e4 Nc6 2. Nf3 d6 3. Nc3 Nf6 4. Bb5 e5 5. d4 exd4 6. Qxd4 Bd7 7. Bxc6 bxc6 8. Bg5 Be7 9. e5 dxe5 10. Nxe5 h6 11. Bh4 O-O 12. O-O c5 13. Qd3 Bd6 14. Nxd7 Qxd7 15. Bxf6 gxf6 16. Ne4 Qf5 17. Rad1 Rad8 18.
Nxd6 Qxd3 19. Rxd3 Rxd6 20. Rfd1 Rfd8 21. Kf1 Kf8 22.
Ke2 Ke7 23. Rxd6 cxd6 24. Rd3 d5 25. Ra3 Rd7 26. Ra5 Kd6 27. Ra6+ Ke5 28. Ra5 Rc7 29.
Ra6 h5 1/2-1/2

[Event "*** Titled Tuesday 3|2 Blitz (Early)"]
[Site "Chess.com"]
[Date "2016.12.06"]
[Round "5"]
[White "Aguiar94"]
[Black "josiwales"]
[Result "1-0"]
[WhiteElo "2358"]
[BlackElo "2246"]
[TimeControl "180+2"]
[EndTime "11:58:52 PST"]
[Termination "Aguiar94 won by resignation"]

1. e4 c5 2. Nf3 Nc6 3. d4 cxd4 4.
Nxd4 g6 5. Nc3 Bg7 6. Nb3 Nf6 7. g4 h6 8. Be2 d6 9. f4 e5 10. f5 h5 11. g5 Ng4 12. h3 Nf6 13. gxf6 Bxf6 14.
O-O gxf5 15. exf5 Rg8+ 16. Kh2 Bh4 17. Bxh5 Bg3+ 18. Kh1 Qh4 19. Bg4 Ne7 20. Ne4 Nxf5 21. Rxf5 Bxf5 22. Nxd6+ Kf8 23. Nxf5 Qh7 24. Nxg3 1-0

[Event "*** Titled Tuesday 3|2 Blitz (Early)"]
[Site "Chess.com"]
[Date "2016.12.06"]
[Round "5"]
[White "Peroncio"]
[Black "sorito"]
[Result "0-1"]
[WhiteElo "2506"]
[BlackElo "2367"]
[TimeControl "180+2"]
[EndTime "11:58:56 PST"]
[Termination "sorito won by resignation"]

1. d4 Nf6 2. Bg5 Ne4 3. h4 c5 4. d5 Qb6 5. Nd2 Nxd2 6. Bxd2 e5 7.
Rb1 d6 8. e4 Be7 9. Be2 Nd7 10.
Bg4 Nf6 11. Bxc8 Rxc8 12. Qf3 Qa6 13. a3 Qc4 14. Ne2 Qxe4 15. Qh3 O-O 16. Bg5 Qxc2 17. Rd1 Qxb2 18. Qf3 c4 19. O-O Qb3 20. Nc3 e4 21.
Qh3 h6 22. Rb1 Qxa3 23. Ra1 Qc5 24. Be3 Qc7 25. Rxa7 Ra8 26. Rfa1 Rxa7 27. Rxa7 Rb8 28. Nb5 Qd8 29. Qf5 Qd7 30. Qxd7 Nxd7 31. Bb6 Nxb6 0-1

[Event "*** Titled Tuesday 3|2 Blitz (Early)"]
[Site "Chess.com"]
[Date "2016.12.06"]
[Round "5"]
[White "GM_Donatello"]
[Black "Izoria123"]
[Result "0-1"]
[WhiteElo "2567"]
[BlackElo "2566"]
[TimeControl "180+2"]
[EndTime "11:59:20 PST"]
[Termination "Izoria123 won by resignation"]

1. e4 c5 2. Nf3 d6 3. Bb5+ Nd7 4.
O-O a6 5. Bd3 Ngf6 6. Re1 e6 7. c3 Be7 8. Bc2 c4 9. b3 b5 10. Na3 Qc7 11. Qe2 Nb6 12. bxc4 bxc4 13. e5 Nfd7 14. Qe4 Bb7 15. Qg4 Bxf3 16. Qxf3 Nxe5 17.
Qg3 O-O 18. Rb1 Rab8 19. d4 cxd3 20. Bxd3 Nxd3 21. Qxd3 d5 22. Nc2 Nc4 23. Rb3 Bd6 24. h3 Be5 25. Nd4 Rfc8 26. h4 Bf6 27. h5 h6 28. Qh3 Na5 29. Rxb8 Rxb8 30. Qf3 Rc8 31. Bd2 Nc4 32. Bc1 Nd6 33. Bf4 Qxc3 34. Qxc3 Rxc3 35. Nxe6 fxe6 36. Bxd6 Rc6 37. Bf4 Kf7 38. g3 Rc2 39. Rb1 e5 40. Rb7+ Ke6 0-1

[Event "*** Titled Tuesday 3|2 Blitz (Early)"]
[Site "Chess.com"]
[Date "2016.12.06"]
[Round "5"]
[White "rubhani"]
[Black "NewBornNow"]
[Result "0-1"]
[WhiteElo "2407"]
[BlackElo "2586"]
[TimeControl "180+2"]
[EndTime "11:59:36 PST"]
[Termination "NewBornNow won by resignation"]

1. e4 c5 2. Ne2 Nf6 3. Nbc3 d6 4.
g3 g6 5. Bg2 Nc6 6. O-O Bg7 7. a3 O-O 8. Rb1 a5 9. a4 e5 10. d3 h6 11. Nb5 Be6 12. Be3 Nd4 13. c3 Bb3 14. Qd2 Nxe2+ 15. Qxe2 Bxa4 16. d4 exd4 17.
cxd4 Qb6 18. Nc3 Bc6 19. dxc5 dxc5 20. Qc4 Nd7 21. Nd5 Bxd5 22. Qxd5 Rad8 23. e5 Nxe5 24. Qxc5 Qxc5 25. Bxc5 Rfe8 26. Bxb7 Nd3 27. Ba3 Bd4 28.
Ba6 Bb6 29. Bb5 Re5 30. Bc4 Nxf2 31. Rxf2 Rf5 32. Rf1 Rd2 0-1

[Event "*** Titled Tuesday 3|2 Blitz (Early)"]
[Site "Chess.com"]
[Date "2016.12.06"]
[Round "5"]
[White "Apocalyps999"]
[Black "VladDobrov"]
[Result "0-1"]
[WhiteElo "2372"]
[BlackElo "2598"]
[TimeControl "180+2"]
[EndTime "11:59:39 PST"]
[Termination "VladDobrov won by resignation"]

1. c4 Nf6 2. Nc3 g6 3. Nf3 Bg7 4. g3 O-O 5. Bg2 c6 6. d4 d5 7. Qb3 a5 8. cxd5 Nxd5 9. O-O Nxc3 10. bxc3 a4 11. Qb4 Ra5 12. Ba3 Na6 13. Qxe7 Qxe7 14. Bxe7 Re8 15. Bd6 Rxe2 16. Rfe1 Rxe1+ 17. Rxe1 Be6 18. c4 Bf8 19. Bxf8 Kxf8 20. Nd2 Nb4 21. Rb1 Nxa2 22. Rxb7 Nc3 23. Bxc6 Ne2+ 24. Kg2 Nxd4 25. Bd5 a3 26. Bxe6 fxe6 27. Ne4 a2 28. Nf6 a1=Q 29. Rd7 Nf5 0-1

[Event "*** Titled Tuesday 3|2 Blitz (Early)"]
[Site "Chess.com"]
[Date "2016.12.06"]
[Round "5"]
[White "micfel"]
[Black "Astaneh"]
[Result "0-1"]
[WhiteElo "2280"]
[BlackElo "2462"]
[TimeControl "180+2"]
[EndTime "11:59:42 PST"]
[Termination "Astaneh won by resignation"]

1. e4 c6 2. d4 d5 3. Nd2 dxe4 4. Nxe4 Nd7 5. Nf3 Ngf6 6. Bd3 Nxe4 7. Bxe4 Nf6 8. Bd3 Bg4 9. c3 e6 10. O-O Bd6 11. Re1 Qc7 12. h3 Bh5 13. Be2 O-O-O 14.
Qa4 Kb8 15. Bd2 Nd7 16. Rad1 h6 17. Be3 Nb6 18. Qb3 Nd5 19. Bc1 Nf4 20. Bxf4 Bxf4 21. c4 g5 22. d5 e5 23. c5 cxd5 24. Rxd5 f6 25. Red1 Rxd5 26. Qxd5 Bf7 27. Qd6 Qxd6 28. Rxd6 e4 29. Rd7 Be6 30. Re7 exf3 31. Bxf3 Bc8 32.
g3 Be5 33. b4 h5 34. a4 h4 35. g4 Rd8 36. b5 Rd3 37. Kg2 Ra3 38. c6 bxc6 39. Bxc6 Rxa4 40. b6 Ra6 41. bxa7+ Rxa7 42. Rxa7 Kxa7 43. Be4 Bb7 44. Kf3 Bxe4+ 45. Kxe4 Kb6 46. f3 Kc5 47. Kf5 Kd4 0-1

[Event "*** Titled Tuesday 3|2 Blitz (Early)"]
[Site "Chess.com"]
[Date "2016.12.06"]
[Round "5"]
[White "Matibar"]
[Black "jncool68"]
[Result "0-1"]
[WhiteElo "2546"]
[BlackElo "2501"]
[TimeControl "180+2"]
[EndTime "11:59:44 PST"]
[Termination "jncool68 won by checkmate"]

1. e4 c5 2. Ne2 d6 3. g3 f5 4. exf5 Bxf5 5. Bg2 Nc6 6. d4 e5 7. c3 Nf6 8. dxc5 dxc5 9. Qxd8+ Rxd8 10. Be3 Na5 11.
Nd2 b6 12. h3 Bd3 13. g4 Nd5 14. Bxd5 Rxd5 15. Ng3 Be7 16. O-O-O O-O 17. h4 Rfd8 18.
Bg5 Bxg5 19. hxg5 c4 20. Nf5 R5d7 21. Rhe1 Nb7 22. Rxe5 Nc5 23. Ne3 Be2 24. Re1 Nd3+ 25. Kb1 Nxe1 26. Ndxc4 Rd1+ 27. Nxd1 Rxd1# 0-1

[Event "*** Titled Tuesday 3|2 Blitz (Early)"]
[Site "Chess.com"]
[Date "2016.12.06"]
[Round "5"]
[White "Jungle_Jaguar"]
[Black "VitaliyBernadskiy"]
[Result "0-1"]
[WhiteElo "2404"]
[BlackElo "2582"]
[TimeControl "180+2"]
[EndTime "11:59:58 PST"]
[Termination "VitaliyBernadskiy won by resignation"]

1. c4 e5 2. g3 Nc6 3. Bg2 d6 4.
Nc3 Be6 5. d3 Qd7 6. e4 Nge7 7.
Nge2 Bh3 8. Bxh3 Qxh3 9. Nd5 Rc8 10. Be3 Ng6 11. Qd2 Be7 12. O-O-O O-O 13. f4 exf4 14. Nexf4 Nxf4 15. gxf4 Rfe8 16. Rdg1 Kh8 17. Rg3 Qh5 18. Rhg1 Rg8 19. b4 Bf6 20. b5 Ne7 21. Nxf6 gxf6 22. Bd4 Qh6 23. Qc3 Qxf4+ 24. Kb1 Rxg3 25. Bxf6+ Kg8 26.
Rxg3+ Ng6 27. Kb2 Qf2+ 28. Qc2 Qxf6+ 29. Ka3 a6 30. b6 cxb6 31. Qd1 Rc5 0-1

[Event "*** Titled Tuesday 3|2 Blitz (Early)"]
[Site "Chess.com"]
[Date "2016.12.06"]
[Round "5"]
[White "popov_m"]
[Black "pastouche06"]
[Result "0-1"]
[WhiteElo "2291"]
[BlackElo "2312"]
[TimeControl "180+2"]
[EndTime "12:00:03 PST"]
[Termination "pastouche06 won by resignation"]

1. c4 e6 2. g3 d5 3. Bg2 Nf6 4. Nf3 d4 5. O-O c5 6. e3 Nc6 7. exd4 cxd4 8. d3 Bd6 9. b3 O-O 10.
Bb2 e5 11. Re1 Re8 12. a3 a5 13. Nbd2 Bf5 14. Qc2 h6 15. c5 Bc7 16. Nc4 e4 17.
dxe4 Bxe4 18. Qd2 Qd5 19. Nh4 Bxg2 20. Nxg2 Qxc5 21. Rxe8+ Rxe8 22. Rc1 Qd5 23. Nf4 Qd7 24. a4 Ne4 25. Qd1 Bxf4 26. gxf4 d3 27. Ne3 Nb4 28. Rc4 f6 29. Qf3 Nd2 30. Qh5 Nxc4 31. bxc4 d2 0-1

[Event "*** Titled Tuesday 3|2 Blitz (Early)"]
[Site "Chess.com"]
[Date "2016.12.06"]
[Round "5"]
[White "FrankieJay"]
[Black "Firebullet"]
[Result "0-1"]
[WhiteElo "2203"]
[BlackElo "2328"]
[TimeControl "180+2"]
[EndTime "12:00:29 PST"]
[Termination "Firebullet won by resignation"]

1. e4 c5 2. Nf3 Nc6 3. d4 cxd4 4.
Nxd4 Nf6 5. Nc3 e5 6. Ndb5 d6 7. Bg5 a6 8. Na3 b5 9. Nd5 Be7 10.
Bxf6 Bxf6 11. c3 Bg5 12. Nc2 O-O 13. a4 Rb8 14. Ncb4 Nxb4 15. Nxb4 Bb7 16. axb5 axb5 17. Bd3 f5 18. exf5 e4 19. Bxb5 e3 20. Bc4+ Kh8 21. f3 Bh4+ 22. g3 Rxf5 23. O-O Bg5 24. Qe2 Qf6 25. f4 Bxf4 26. Rxf4 Rxf4 27. gxf4 Qg6+ 28.
Kf1 Qe4 29. Ke1 Qh1+ 30. Qf1 Qxh2 31. Rd1 Bg2 0-1

[Event "*** Titled Tuesday 3|2 Blitz (Early)"]
[Site "Chess.com"]
[Date "2016.12.06"]
[Round "5"]
[White "kleinebeer98"]
[Black "bugsbunny444"]
[Result "1-0"]
[WhiteElo "2494"]
[BlackElo "2399"]
[TimeControl "180+2"]
[EndTime "12:00:35 PST"]
[Termination "kleinebeer98 won by checkmate"]

1. e4 e6 2. d4 d5 3. Nc3 Nf6 4.
Bg5 Bb4 5. exd5 Qxd5 6. Bxf6 Bxc3+ 7. bxc3 gxf6 8. Nf3 b6 9. g3 Bb7 10. Bg2 Qa5 11. Qd2 Nd7 12. O-O O-O-O 13. Rab1 Ne5 14. Nxe5 fxe5 15. Bxb7+ Kxb7 16. Qe3 Rd5 17. dxe5 Rxe5 18. Qf3+ Kb8 19. Qxf7 Qxc3 20. Rbd1 Re2 21. Rd7 h6 22. a4 Rc8 23. h4 a5 24. Rb1 Re1+ 25. Rxe1 Qxe1+ 26. Kh2 Qe4 27. c3 Qxa4 28. Qxe6 Qc2 29. Qf6 a4 30.
Rd4 Qxc3 31. Qf4 a3 32. Ra4 Qb2 33. Qf3 a2 34. Ra8# 1-0

[Event "*** Titled Tuesday 3|2 Blitz (Early)"]
[Site "Chess.com"]
[Date "2016.12.06"]
[Round "5"]
[White "Lector118"]
[Black "RamonManon0g"]
[Result "1-0"]
[WhiteElo "2334"]
[BlackElo "2281"]
[TimeControl "180+2"]
[EndTime "12:00:35 PST"]
[Termination "Lector118 won by resignation"]

1. d4 Nf6 2. c4 g6 3. Nc3 d5 4. Nf3 Bg7 5. Bf4 c6 6. Rc1 O-O 7. e3 Bg4 8. Qb3 Bxf3 9. gxf3 dxc4 10. Qxb7 Nbd7 11. Bxc4 Qb6 12. Qxb6 axb6 13. a3 Nh5 14. Bg3 e5 15. dxe5 b5 16. Bb3 Nxe5 17. Bxe5 Bxe5 18.
f4 Bxc3+ 19. Rxc3 b4 20. Rxc6 bxa3 21. bxa3 Rxa3 22. Bd1 Ra1 23. O-O Ng7 24. Bg4 h5 25. Rxa1 hxg4 26. Rac1 Ne6 27. Rc8 Kg7 28. Rxf8 Nxf8 29.
Kg2 f5 30. Rc6 Kh6 31. Rd6 Kg7 32. f3 gxf3+ 33. Kxf3 Kf7 34. h4 Ne6 35. e4 Ng7 36. e5 Ne6 37. Ra6 Nd4+ 38. Ke3 Ne6 39. Ra7+ Kf8 40.
Kf3 Ke8 41. h5 gxh5 42. Rh7 Kf8 43. Rxh5 Ng7 44. Rh6 Kf7 45. Rf6+ Ke7 46. Ke3 Ke8 47. Kd4 1-0

[Event "*** Titled Tuesday 3|2 Blitz (Early)"]
[Site "Chess.com"]
[Date "2016.12.06"]
[Round "5"]
[White "E-Shaposhnikov"]
[Black "Keranke"]
[Result "1-0"]
[WhiteElo "2733"]
[BlackElo "2615"]
[TimeControl "180+2"]
[EndTime "12:00:39 PST"]
[Termination "E-Shaposhnikov won by resignation"]

1. Nf3 g6 2. c4 Bg7 3. Nc3 Nf6 4. d4 O-O 5. e4 d6 6. Be2 Bg4 7. Ng1 Bc8 8. Nf3 Bg4 9. Be3 Nfd7 10. Ng1 Bxe2 11.
Ngxe2 a6 12. O-O c5 13. d5 b5 14. Qb3 bxc4 15. Qxc4 Nb6 16. Qd3 N8d7 17. b3 c4 18. Qd2 cxb3 19. axb3 Nc5 20. Rab1 a5 21. Nd4 Qd7 22.
Nc6 e6 23. Rfd1 exd5 24. Nxd5 Nxe4 25. Nde7+ Kh8 26. Qd3 Nc3 27. Bxb6 Nxb1 28. Rxb1 a4 29.
bxa4 Rxa4 30. Bc5 d5 31. Rd1 Re8 32. g3 d4 33. Qb3 Ra6 34. Qxf7 Rxc6 35. Nxg6+ hxg6 36. Qxd7 1-0

[Event "*** Titled Tuesday 3|2 Blitz (Early)"]
[Site "Chess.com"]
[Date "2016.12.06"]
[Round "5"]
[White "Kouzari"]
[Black "Sethu0025"]
[Result "0-1"]
[WhiteElo "2476"]
[BlackElo "2612"]
[TimeControl "180+2"]
[EndTime "12:00:46 PST"]
[Termination "Sethu0025 won by resignation"]

1. d4 Nf6 2. c4 e6 3. Nc3 Bb4 4.
g3 d5 5. Bg2 O-O 6. Nf3 dxc4 7.
O-O Nc6 8. a3 Be7 9. e4 Rb8 10.
Qe2 b5 11. Bf4 Na5 12. Rad1 Ba6 13. Ne5 b4 14. axb4 Bxb4 15. g4 Nd7 16. g5 Nxe5 17.
dxe5 Qe7 18. Qh5 Rfd8 19. Ra1 Bb7 20. Qg4 Rd3 21. h4 Rbd8 22. h5 a6 23. g6 fxg6 24. hxg6 h6 25. Bh3 Bc8 26. Bg3 Qc5 27. Qf4 Rf8 28.
Qh4 Nb3 29. Rad1 Nd2 30. Rxd2 Rxd2 31. Bf4 Rd3 32. Bg4 Rxf4 33. Bxe6+ Bxe6 34. Qxf4 Qe7 35. Ra1 a5 36. Nd5 Bxd5 37. exd5 Rxd5 38. Qxc4 Qe6 39.
Qxc7 Qxg6+ 40. Kf1 Qe4 0-1

[Event "*** Titled Tuesday 3|2 Blitz (Early)"]
[Site "Chess.com"]
[Date "2016.12.06"]
[Round "5"]
[White "jcibarra"]
[Black "viktorskliarov"]
[Result "1-0"]
[WhiteElo "2628"]
[BlackElo "2432"]
[TimeControl "180+2"]
[EndTime "12:00:56 PST"]
[Termination "jcibarra won by resignation"]

1. e4 c5 2. c3 Nc6 3. d4 d5 4. exd5 Qxd5 5. Nf3 Nf6 6. Be3 cxd4 7.
cxd4 e6 8. Nc3 Qa5 9. a3 Be7 10. Bd3 O-O 11. O-O Nd5 12. Bd2 Nxc3 13. Bxc3 Qh5 14.
Re1 Bf6 15. h3 Bd7 16. Be4 Rad8 17. Qe2 Bc8 18. Kh2 a6 19. Rad1 Qb5 20. Qc2 h6 21.
Re3 Ne7 22. Ne5 Bxe5+ 23. dxe5 Nd5 24. Rg3 Nxc3 25. Rxd8 Rxd8 26. Qxc3 Qb6 27. Rf3 Bd7 28. Bb1 Bc6 29. Rf4 Rd7 30. Qc2 g6 31. h4 h5 32. Rf6 Qd8 33. Ba2 Rd2 34. Qc3 Qd4 35.
Qg3 Bd5 36. Bxd5 Qxd5 37. Qf4 Qd7 38. Rxf7 Qxf7 39. Qxd2 Qe7 40. Qg5 Qxg5 41. hxg5 Kf7 42. g4 Ke7 43. gxh5 gxh5 44. Kh3 Kf7 1-0

[Event "*** Titled Tuesday 3|2 Blitz (Early)"]
[Site "Chess.com"]
[Date "2016.12.06"]
[Round "5"]
[White "Salem-AR"]
[Black "maciek_92"]
[Result "1-0"]
[WhiteElo "2688"]
[BlackElo "2513"]
[TimeControl "180+2"]
[EndTime "12:00:58 PST"]
[Termination "Salem-AR won by resignation"]

1. d4 Nf6 2. c4 e6 3. Nf3 b6 4.
Nc3 Bb4 5. e3 Bb7 6. Bd3 O-O 7.
O-O c5 8. Na4 cxd4 9. exd4 Be7 10. Bf4 d6 11. Re1 Nbd7 12. Nc3 d5 13. cxd5 Nxd5 14.
Bd2 N7f6 15. Qe2 a6 16. Rad1 b5 17. Bb1 Qb6 18. h4 Rfd8 19. Ne5 Qxd4 20. Nxf7 Kxf7 21.
Qxe6+ Kf8 22. Nxd5 Qxd5 23. Qxe7+ Kg8 24. f3 Re8 25. Qb4 a5 26. Rxe8+ Rxe8 27. Qb3 Qxb3 28. axb3 Rd8 29. Bc2 Rc8 30. Bd3 a4 31. bxa4 bxa4 32.
Bb5 Bd5 33. Bxa4 Rc4 34. Bb3 Rd4 35. Bc3 Rxd1+ 36. Bxd1 Nd7 37. Bd4 Kf7 38. Bc2 g6 39. Kf2 h6 40. b4 g5 41. h5 Nf6 42. Bg6+ Ke6 43. b5 Bc4 44. b6 Ba6 45. Bxf6 Kxf6 46.
Be4 1-0

[Event "*** Titled Tuesday 3|2 Blitz (Early)"]
[Site "Chess.com"]
[Date "2016.12.06"]
[Round "5"]
[White "Keaton87"]
[Black "ulises2013"]
[Result "0-1"]
[WhiteElo "2460"]
[BlackElo "2288"]
[TimeControl "180+2"]
[EndTime "12:01:00 PST"]
[Termination "ulises2013 won by resignation"]

1. e4 g6 2. d4 Bg7 3. Nc3 c5 4. dxc5 Bxc3+ 5. bxc3 Qa5 6. Bd3 Qxc3+ 7. Bd2 Qxc5 8. Nf3 Nc6 9. O-O Nf6 10. Rb1 d6 11. Rb5 Qa3 12. Bc1 Qa4 13. Bb2 O-O 14. Rg5 Qxa2 15.
Bc3 Qe6 16. h3 Nxe4 17. Bxe4 Qxe4 18. Re1 Qc4 19. Qd2 Be6 20. Rh5 f6 21. Rh4 Qd5 22. Qh6 Rf7 23. Re3 Ne5 24. Nd4 Rg7 25. Nxe6 Qxe6 26.
f4 a5 27. fxe5 dxe5 28. Ra4 b6 29. Qh4 Qc6 30. Qc4+ Qxc4 31. Rxc4 Kf7 32. Rc7 Rgg8 33. Re4 Rgc8 34. Rec4 Rxc7 35. Rxc7 a4 36. Bb4 a3 37. Rxe7+ Kg8 38. Bc3 Rc8 39. Ba1 Rxc2 40. Kh2 Rc1 41. Re6 Rxa1 42. Rxb6 a2 43. Ra6 Kf7 44. h4 h6 45. Kg3 Ke7 46. Kg4 f5+ 47. Kg3 Kd7 48. Rxg6 Rb1 0-1

[Event "*** Titled Tuesday 3|2 Blitz (Early)"]
[Site "Chess.com"]
[Date "2016.12.06"]
[Round "5"]
[White "renanreis"]
[Black "calemcc"]
[Result "1-0"]
[WhiteElo "1989"]
[BlackElo "2112"]
[TimeControl "180+2"]
[EndTime "12:01:09 PST"]
[Termination "renanreis won by checkmate"]

1. e4 e6 2. d4 d5 3. Nc3 Nf6 4.
e5 Nfd7 5. f4 c5 6. Nf3 Nc6 7.
Be3 a6 8. Qd2 cxd4 9. Nxd4 Bc5 10. O-O-O O-O 11. h4 Nxd4 12. Bxd4 b5 13. h5 b4 14. Na4 Bxd4 15. Qxd4 Qa5 16. b3 Bb7 17. Rh3 Bc6 18. Rg3 Bxa4 19. bxa4 Qxa4 20. f5 Rfc8 21. Rd2 Qxa2 22. fxe6 fxe6 23. c4 bxc3 24. Rxa2 Nc5 25. Qg4 Rc7 26. Rxc3 Rac8 27. Rac2 Nb3+ 28. Kb2 Rxc3 29.
Rxc3 Rxc3 30. Kxc3 Nc5 31. Kb4 Ne4 32. Qxe6+ Kf8 33.
Qxd5 Ng5 34. Qd8+ Kf7 35. Qxg5 Ke6 36. Bc4+ Kd7 37. Qxg7+ Kc6 38. Qf6+ Kb7 39. Bd5+ Kb8 40. Qd8+ Ka7 41. Qa8+ Kb6 42. Qb7# 1-0

[Event "*** Titled Tuesday 3|2 Blitz (Early)"]
[Site "Chess.com"]
[Date "2016.12.06"]
[Round "5"]
[White "Genghis_K"]
[Black "Iball95"]
[Result "1-0"]
[WhiteElo "2673"]
[BlackElo "2483"]
[TimeControl "180+2"]
[EndTime "12:01:28 PST"]
[Termination "Genghis_K won by checkmate"]

1. d4 Nf6 2. Bf4 d5 3. e3 g6 4. Nf3 Bg7 5. Be2 O-O 6. O-O c5 7. c3 Nc6 8. Ne5 Be6 9. Nd2 Nd7 10. Nxd7 Bxd7 11. dxc5 e5 12. Bg3 h5 13. h3 Qg5 14.
Nf3 Qe7 15. Qxd5 Rfd8 16. Bh4 Bf6 17. Bxf6 Qxf6 18. Qe4 Bf5 19. Qa4 Rd5 20. e4 Nd4 21. cxd4 Bxe4 22. dxe5 Qf5 23. Rfe1 Rad8 24. Qxa7 g5 25. Nh2 Rd2 26. Nf1 Rxb2 27. Ng3 Qxe5 28. Bf1 f5 29. c6 bxc6 30. Bc4+ Kh8 31. Qf7 f4 32. Qxh5+ Kg7 33. Nxe4 Rd4 34. Qf7+ Kh8 35. Qg8# 1-0